cohdb
Replays
Latest Replays
All Replays
Popular Replays
Top Player Replays
Match Explorer
How It Works
Community
CoH3 Stats
Reddit
Sign in to upload your games and track your stats! →
Sign in with Steam
Match 45822305
Unlisted
Match 45822305
Overview
Messages
Build Orders
End
Construct Infanterie Kompanie
Selects Breakthrough Battlegroup
Selects Assault Grenadiers
MG 42 Machine Gun Team
Grenadier Squad
Grenadier Squad
Grenadier Squad
Construct Luftwaffe Kompanie
Medical Station
221 Scout Car
Selects Breakthrough
Jäger Squad
Selects Mechanized Assault Group
Mechanized Assault Group
列克星敦
Strawberry
theLAGmaster
Liberator4515
0
0
Comments
sign in to comment!
No comments posted yet!